Cogmind - Beta 11 @@@ ROGUE MODE // 2022.04.03 @ 17:46:32 Player: 3.14 Result: Self-destructed Performance ------------- Evolutions (4) 2000 Regions Visited (13) 2600 Robots Destroyed (189) 945 Value Destroyed (6128) 6128 Prototype IDs (8) 160 Alien Tech Used (0) 0 Bonus (3660) 3660 TOTAL SCORE: 15493 Bonus ------- High Alert Combat Kills 809 Follower Combat Kills 250 Entered Garrisons 1000 Used RIF Installer 2500 Friendly Fire -899 Cogmind --------- Core Integrity 687/850 Matter 300/300 Energy 290/290 System Corruption 0% Temperature Cool (27) Movement Rolling (105) Ox1 Location -6/Factory Parts ------- > --- POWER (1) -------- Improved Deuterium Engine > --- PROPULSION (2) --- Armored Wheel Armored Wheel > --- UTILITY (10) ----- Advanced Heat Sink Large Storage Unit Experimental Targeting Computer Core Analyzer Improved Utility Shielding Relay Coupler [NC] (27) Relay Coupler [Swarmer] (38) Relay Coupler [Sentry] (10) > --- WEAPON (2) ------- Ion Cannon Katana > --- INVENTORY (15) --- Improved Deuterium Engine Improved Trap Scanner Improved Light Armor Plating Relay Coupler [Swarmer] (45) Relay Coupler [Brawler] (31) Relay Coupler [Sentry] (22) Relay Coupler [Specialist] (20) Relay Coupler [Heavy] (14) Relay Coupler [Behemoth] (10) Heavy Particle Cannon Rocket Launcher Datajack Peak State ------------ > --- POWER ------------ Improved Deuterium Engine > --- PROPULSION ------- Armored Wheel Armored Wheel > --- UTILITY ---------- Advanced Heat Sink Large Storage Unit Improved Trap Scanner Core Analyzer Improved Utility Shielding Relay Coupler [NC] Relay Coupler [Swarmer] Relay Coupler [Grunt] Relay Coupler [Grunt] Relay Coupler [Sentry] > --- WEAPON ----------- Heavy Particle Cannon Katana > --- INVENTORY -------- Improved Deuterium Engine Armored Wheel Improved Utility Shielding Improved Light Armor Plating Improved Light Armor Plating Relay Coupler [Swarmer] Relay Coupler [Brawler] Relay Coupler [Sentry] Relay Coupler [Specialist] Relay Coupler [Heavy] Relay Coupler [Behemoth] Ion Cannon Rocket Launcher Datajack [Rating: 50] Favorites ----------- Power Improved Ion Engine Engine Improved Ion Engine Power Core Light Nuclear Core Propulsion Armored Wheel Treads Light Treads Leg Aluminum Leg Wheel Armored Wheel Utility Large Storage Unit Device Advanced Heat Sink Storage Large Storage Unit Processor Core Analyzer Hackware Relay Coupler [Grunt] Protection Light Armor Plating Weapon Autogun Energy Gun Advanced Beam Rifle Energy Cannon Heavy Ion Cannon Ballistic Gun Autogun Launcher Mini Grenade Launcher Slashing Weapon Katana Special Melee Weapon Datajack Build | -11 -10 -9 -9 -9 -8 -8 -8 -8 -7 -7 -7 -7 -6 ------- Run | Scr Mat Mat Sto Gar Mat Gar Mat Gar Fac Gar Fac Gar Fac Slots Evolved 8 | . . 2 . . 2 . . . 2 . . . 2 Power . | . . . . . . . . . . . . . . Propulsion . | . . . . . . . . . . . . . . Utility 8 | . . 2 . . 2 . . . 2 . . . 2 Weapon . | . . . . . . . . . . . . . . Parts Attached 187 | 7 6 38 11 4 5 20 26 7 5 31 5 13 9 Power 17 | 1 1 2 1 . . 1 3 . . 4 1 2 1 Engine 16 | 1 1 2 1 . . 1 3 . . 4 1 1 1 Core 1 | . . . . . . . . . . . . 1 . Reactor . | . . . . . . . . . . . . . . Propulsion 31 | 2 . 10 . . . 7 3 . . 6 . 2 1 Treads 14 | 2 . 10 . . . 2 . . . . . . . Leg 3 | . . . . . . 3 . . . . . . . Wheel 14 | . . . . . . 2 3 . . 6 . 2 1 Hover . | . . . . . . . . . . . . . . Flight . | . . . . . . . . . . . . . . Utility 51 | 2 1 12 4 . 2 3 5 3 3 9 2 . 5 Device 17 | 1 1 1 3 . 1 1 1 3 . 4 . . 1 Storage 6 | 1 . 3 . . . . . . . 2 . . . Processor 6 | . . 2 . . 1 . 2 . . . . . 1 Hackware 6 | . . . . . . 1 . . 2 1 1 . 1 Protection 16 | . . 6 1 . . 1 2 . 1 2 1 . 2 Artifact . | . . . . . . . . . . . . . . Weapon 88 | 2 4 14 6 4 3 9 15 4 2 12 2 9 2 Energy Gun 20 | 1 2 2 . . . . 4 2 1 7 1 . . Energy Cannon 11 | . . 1 . . . . 3 . . . 1 5 1 Ballistic Gun 34 | 1 2 10 5 2 2 6 5 1 . . . . . Ballistic Cannon . | . . . . . . . . . . . . . . Launcher 12 | . . 1 1 2 1 2 1 1 . 1 . 2 . Special Weapon . | . . . . . . . . . . . . . . Impact Weapon . | . . . . . . . . . . . . . . Slashing Weapon 6 | . . . . . . 1 2 . . 2 . 1 . Piercing Weapon . | . . . . . . . . . . . . . . Special Melee Weapon 5 | . . . . . . . . . 1 2 . 1 1 Unidentified Prototypes 6 | . . 3 . . . . 2 . . . . . 1 Parts Lost 26 | . . 1 1 . . 8 1 2 . 7 . 3 3 Power 3 | . . 1 . . . 1 . . . 1 . . . Propulsion 8 | . . . . . . 2 . . . 3 . 2 1 Utility 13 | . . . 1 . . 4 1 2 . 3 . . 2 Weapon 2 | . . . . . . 1 . . . . . 1 . Highest Loss Streak 4 | . . 1 1 . . 4 1 1 . 4 . 2 2 To Critical Strikes . | . . . . . . . . . . . . . . Average Slot Usage (%) 97 | . 100 99 100 100 90 84 99 99 94 95 93 99 95 Engine 9 | . 14 10 11 11 9 9 9 9 7 6 7 5 6 Treads 12 | . 28 21 22 22 18 3 . . . . . . . Wheel 7 | . . . . . . 6 17 18 15 14 15 14 13 Device 8 | . 14 5 8 11 14 9 4 4 11 11 13 7 8 Storage 9 | . 14 11 11 11 9 9 9 9 7 7 7 7 6 Processor 12 | . . 14 13 11 12 18 21 18 15 8 7 7 8 Hackware 7 | . . . . . . 1 9 9 15 23 23 30 26 Protection 7 | . . 12 11 11 9 1 9 12 4 4 1 7 10 Energy Gun 4 | . 16 1 . . . . 3 2 13 11 8 2 . Energy Cannon 1 | . . . . . . . 5 . . . 6 10 3 Ballistic Gun 12 | . 11 19 21 21 17 15 9 15 . . . . . Naked Turns . | . . . . . . . . . . . . . . Heaviest Build 47 | 15 20 36 37 37 39 39 44 44 36 42 44 47 44 Greatest Support 40 | 40 40 40 40 40 40 40 24 24 24 24 24 24 24 Greatest Overweight (x) 3 | . . . . . . 3 1 1 1 3 1 3 1 Average Overweight (x) . | . . . . . . . 1 1 1 1 1 1 1 Largest Inventory Capacity 15 | 8 8 15 15 15 15 15 15 15 15 15 15 15 15 Average Capacity 12 | 7 8 9 15 15 15 15 15 15 15 15 15 15 15 Most Carried 15 | 4 8 14 15 14 15 15 15 15 15 15 15 15 15 Average Carried 12 | 2 7 9 14 14 14 14 14 14 14 14 14 14 13 Final Capacity 15 | 8 8 15 15 15 15 15 15 15 15 15 15 15 15 Final Carried 15 | 4 8 14 14 14 15 14 15 15 15 15 15 15 12 Class Distribution -------------------- 50% | Mutant 28% | Scavenger-Mutant 12% | Botlord-Mutant 8% | Bothacker-Mutant Dominant Class ---------------- Mutant | -10/Materials Mutant | -9/Materials Mutant | -9/Storage Scavenger-Mutant | -9/Garrison Scavenger-Mutant | -8/Materials Scavenger-Mutant | -8/Garrison Scavenger-Mutant | -8/Materials Scavenger-Mutant | -8/Garrison Bothacker-Mutant | -7/Factory Bothacker-Mutant | -7/Garrison Botlord-Mutant | -7/Factory Botlord-Mutant | -7/Garrison Botlord-Mutant | -6/Factory Resources | -11 -10 -9 -9 -9 -8 -8 -8 -8 -7 -7 -7 -7 -6 ----------- Run | Scr Mat Mat Sto Gar Mat Gar Mat Gar Fac Gar Fac Gar Fac Matter Collected 4353 | 277 214 1080 348 161 159 518 532 238 50 435 . 287 54 Remotely 276 | 139 137 . . . . . . . . . . . . Salvage Created 7442 | 100 413 1714 516 222 285 595 1409 366 104 1138 . 526 54 Parts 422 | 1 16 115 28 22 14 29 89 20 5 54 . 26 3 Haulers Intercepted 14 | . 1 6 2 . . . 4 . 1 . . . . Recyclers Shooed 4 | . 2 2 . . . . . . . . . . . Parts Field Recycled . | . . . . . . . . . . . . . . Retrieved Matter . | . . . . . . . . . . . . . . Parts Self-Destructed . | . . . . . . . . . . . . . . Prevented . | . . . . . . . . . . . . . . Kills | -11 -10 -9 -9 -9 -8 -8 -8 -8 -7 -7 -7 -7 -6 ------- Run | Scr Mat Mat Sto Gar Mat Gar Mat Gar Fac Gar Fac Gar Fac Combat Hostiles Destroyed 148 | . 10 32 10 13 5 12 22 10 . 20 . 13 1 Melee 3 | . . . . . . . . . . 1 . 1 1 Guns 101 | . 10 32 10 4 5 7 16 6 . 10 . 1 . Cannons 9 | . . . . . . . 3 . . . . 6 . AOE 34 | . . . . 9 . 5 2 4 . 9 . 5 . Classes Destroyed 13 | 1 3 3 . 1 1 1 2 . . 1 . . . Worker 5 | . . . . . . . 3 . 2 . . . . Builder 5 | . . 3 . . . . 2 . . . . . . Hauler 14 | . 1 6 2 . . . 4 . 1 . . . . Recycler 6 | 1 1 1 . . . . 3 . . . . . . Operator 2 | . . . . . . . 2 . . . . . . Watcher 3 | . . 1 . . . . 2 . . . . . . Swarmer 49 | . 3 10 2 8 . . 8 4 . 10 . 4 . Cutter 3 | . . . . . . . . . . 3 . . . Grunt 64 | . 7 13 4 4 3 10 4 5 . 6 . 7 1 Brawler 3 | . . . . . . 1 . 1 . 1 . . . Duelist 6 | . . . . 1 . 1 1 1 . 2 . . . Sentry 26 | . . 9 4 . 1 . 7 . . 2 . 3 . Hunter 3 | . . . . . 1 . 2 . . . . . . Best Kill Streak 10 | 1 5 9 3 10 4 6 7 4 3 9 . 5 1 Combat Bots Only 10 | . 5 8 3 10 4 6 4 4 . 9 . 5 1 Max Kills in Single Turn 4 | 1 1 2 1 4 1 1 2 3 2 4 . 2 1 Gunslinging 1 | . . 1 . 1 . . . . . . . . . Exploded 4 | . . . . 4 . 1 1 3 . 2 . 2 . Melee 1 | . . . . . . . . . . 1 . 1 1 Uniques/NPCs Destroyed . | . . . . . . . . . . . . . . Combat | -11 -10 -9 -9 -9 -8 -8 -8 -8 -7 -7 -7 -7 -6 -------- Run | Scr Mat Mat Sto Gar Mat Gar Mat Gar Fac Gar Fac Gar Fac Damage Taken 6899 | . 280 947 413 202 216 877 586 164 . 1416 . 1039 759 Core 1047 | . 66 90 67 54 12 143 71 20 . 119 . 242 163 Absorbed by Shields 6 | . . . . . . . . 6 . . . . . Redirected to Shielding 180 | . . . . . . . . . . . . 80 100 Regen/Repaired (Parts) 362 | . . 189 . . . . 173 . . . . . . Core Remaining (%) 64 | 100 73 . . 47 . . . 55 . . . 48 . Volleys Fired 420 | 3 41 97 36 13 14 48 69 20 6 38 . 33 2 Largest 2 | 2 2 2 2 2 2 2 2 2 2 2 . 2 1 Hottest 149 | 60 130 79 46 46 46 51 128 55 122 149 . 140 60 Shots Fired 796 | 6 79 193 71 22 27 88 135 37 9 67 . 60 2 Gun 681 | 6 79 192 70 18 26 80 88 34 9 58 . 21 . Cannon 79 | . . . . . . . 44 . . . . 33 2 Launcher 36 | . . 1 1 4 1 8 3 3 . 9 . 6 . Special . | . . . . . . . . . . . . . . Kinetic 521 | 3 52 190 70 18 26 80 48 34 . . . . . Thermal 231 | . 22 2 . . . . 84 . 9 58 . 54 2 Explosive 36 | . . 1 1 4 1 8 3 3 . 9 . 6 . Electromagnetic 8 | 3 5 . . . . . . . . . . . . Robot Hit Streak 25 | 4 9 15 25 5 13 17 18 11 2 15 . 15 . Robot Miss Streak 5 | 1 3 3 2 2 1 1 3 4 5 3 . 4 2 Penetration Max 1 | . . . . . . . 1 1 . . . . . Secondary Targets 19 | . . 6 1 1 2 3 2 1 . 3 . . . Max Gunslinging Chain 1 | . . 1 1 1 1 1 1 1 . 1 . . . Shots Hit Robots 615 | 4 61 137 52 15 24 77 89 18 4 85 . 39 10 Core Hits 350 | 2 37 64 20 19 16 37 51 17 3 60 . 22 2 Critical Kills 3 | . . 1 . . . . . 2 . . . . . Critical Parts Destroyed 4 | . . 1 . . . . 3 . . . . . . Critical Strikes 19 | . . 2 . . . 3 4 2 1 6 . 1 . Burn 6 | . . . . . . . 1 . 1 3 . 1 . Destroy 7 | . . 2 . . . . 3 2 . . . . . Sever 6 | . . . . . . 3 . . . 3 . . . Melee Attacks 81 | . . . . . . 6 2 . 3 40 . 10 20 Impact . | . . . . . . . . . . . . . . Slashing 69 | . . . . . . 6 2 . . 37 . 9 15 Piercing . | . . . . . . . . . . . . . . Sneak Attacks 4 | . . . . . . . . . . 2 . 2 . Combat Hostiles 2 | . . . . . . . . . . . . 2 . Follow-up Attacks . | . . . . . . . . . . . . . . Damage Inflicted 14820 | 51 766 2290 804 925 416 1838 2056 640 60 3238 . 1486 250 Guns 7968 | 51 720 2225 796 198 348 969 1131 351 60 939 . 180 . Cannons 1223 | . . . . . . . 633 . . . . 590 . Explosions 3006 | . . . . 727 . 636 292 289 . 643 . 419 . Melee 2397 | . . . . . . 233 . . . 1656 . 297 211 Ramming 226 | . 46 65 8 . 68 . . . . . . . 39 Kinetic 5953 | 24 409 2225 796 198 348 969 633 351 . . . . . Thermal 3155 | . 255 . . . . . 1131 . 60 939 . 770 . Explosive 3006 | . . . . 727 . 636 292 289 . 643 . 419 . Electromagnetic 83 | 27 56 . . . . . . . . . . . . Impact . | . . . . . . . . . . . . . . Slashing 2397 | . . . . . . 233 . . . 1656 . 297 211 Piercing . | . . . . . . . . . . . . . . Highest Corruption 14 | . 2 . . . . . 5 5 . 14 14 14 . Average Corruption 6 | . 2 . . . . . 3 5 . 13 14 14 . Corruption Purged . | . . . . . . . . . . . . . . Corruption Blocked . | . . . . . . . . . . . . . . Effects 110 | . 18 . . . . . 30 7 . 18 5 32 . Message Errors 32 | . 6 . . . . . 8 1 . 5 1 11 . Matter Fused 26 | . 5 . . . . . 5 2 . 7 1 6 . Heat Flow Errors 13 | . 2 . . . . . 4 1 . 1 1 4 . Energy Discharges 11 | . 3 . . . . . 3 1 . 1 1 2 . Parts Rejected 1 | . . . . . . . 1 . . . . . . Data Loss (minor) 15 | . . . . . . . 5 1 . 2 . 7 . Data Loss (major) 7 | . 2 . . . . . 2 . . 1 1 1 . Misfires 2 | . . . . . . . 1 1 . . . . . Alerts 1 | . . . . . . . . . . 1 . . . Weapon Failures 2 | . . . . . . . 1 . . . . 1 . Overload Shots . | . . . . . . . . . . . . . . Overflow Damage 184 | . . . . 18 . . . . . 145 . 21 . Projectiles 21 | . . . . . . . . . . . . 21 . Explosions 49 | . . . . 18 . . . . . 31 . . . Melee 114 | . . . . . . . . . . 114 . . . Knockbacks . | . . . . . . . . . . . . . . Impact . | . . . . . . . . . . . . . . Kinetic . | . . . . . . . . . . . . . . Secondary . | . . . . . . . . . . . . . . Self-Inflicted Damage 129 | . . . . 33 . . 31 . . 49 . . 16 Shots 3 | . . . . 1 . . 1 . . 1 . . . Rammed 56 | . 9 18 2 . 16 . . . . . . . 11 Targets Rammed 57 | . 9 19 2 . 16 . . . . . . . 11 Kicked . | . . . . . . . . . . . . . . Crushed 1 | . . 1 . . . . . . . . . . . Highest Temperature 203 | . 191 28 16 . 14 9 193 74 . 84 203 202 . Average Temperature 30 | . 46 10 7 . 14 5 37 28 . 22 111 44 . Received Heat Transfer 2256 | . 129 297 126 30 90 486 171 90 . 261 . 267 309 Siege Activations . | . . . . . . . . . . . . . . Robots Corrupted . | . . . . . . . . . . . . . . Combat Hostiles . | . . . . . . . . . . . . . . Parts Fried . | . . . . . . . . . . . . . . Impact Corruptions . | . . . . . . . . . . . . . . Robots Melted 1 | . . . . . . . 1 . . . . . . Combat Hostiles 1 | . . . . . . . 1 . . . . . . Parts Melted 12 | . . . . . . . 5 . 1 5 . 1 . Heat Transferred 6065 | . 320 . . . . . 2183 . 185 2156 . 1221 . Parts Sabotaged . | . . . . . . . . . . . . . . Parts Stolen . | . . . . . . . . . . . . . . Parts Stripped . | . . . . . . . . . . . . . . Power Chain Reactions . | . . . . . . . . . . . . . . Missiles Intercepted . | . . . . . . . . . . . . . . Alert | -11 -10 -9 -9 -9 -8 -8 -8 -8 -7 -7 -7 -7 -6 ------- Run | Scr Mat Mat Sto Gar Mat Gar Mat Gar Fac Gar Fac Gar Fac Peak Influence 994 | 5 161 507 423 464 994 893 851 567 329 729 382 780 449 Initial 646 | . 3 14 138 118 226 646 434 326 297 230 382 267 409 Average 366 | 1 49 280 235 316 405 798 451 438 307 552 382 571 424 Maximum Alert Level 3 | . . 2 2 2 3 3 3 2 1 3 1 3 2 Low Security (%) 25 | 100 100 22 49 27 . . . . . . . . . Level 1 33 | . . 55 42 22 76 . 41 43 100 15 100 16 3 Level 2 31 | . . 22 8 49 11 14 52 56 . 65 . 69 96 Level 3 10 | . . . . . 12 85 5 . . 19 . 13 . Level 4 . | . . . . . . . . . . . . . . Level 5 . | . . . . . . . . . . . . . . High Security . | . . . . . . . . . . . . . . Max Security . | . . . . . . . . . . . . . . Squads Dispatched 7 | . 1 3 1 . . . 2 . . . . . . Investigation 1 | . . . . . . . 1 . . . . . . Extermination . | . . . . . . . . . . . . . . Reinforcement 4 | . 1 3 . . . . . . . . . . . Assault . | . . . . . . . . . . . . . . Garrison 2 | . . . 1 . . . 1 . . . . . . Intercept . | . . . . . . . . . . . . . . Searches Triggered . | . . . . . . . . . . . . . . Construction Impeded . | . . . . . . . . . . . . . . Haulers Reinforced . | . . . . . . . . . . . . . . Active Scanning Responses . | . . . . . . . . . . . . . . Cargo Convoy Interrupts . | . . . . . . . . . . . . . . Stealth | -11 -10 -9 -9 -9 -8 -8 -8 -8 -7 -7 -7 -7 -6 --------- Run | Scr Mat Mat Sto Gar Mat Gar Mat Gar Fac Gar Fac Gar Fac Distress Signals 7 | . 1 4 . . . . 2 . . . . . . Communications Jammed . | . . . . . . . . . . . . . . Distress Signals . | . . . . . . . . . . . . . . Times Spotted 216 | . 18 58 13 13 8 12 34 7 1 23 . 20 9 Peak Tracking Total 8 | . 7 5 4 8 5 3 6 3 1 7 . 6 4 Tactical Retreats 10 | . . 1 2 1 . . 2 . . . . 2 2 Traps | -11 -10 -9 -9 -9 -8 -8 -8 -8 -7 -7 -7 -7 -6 ------- Run | Scr Mat Mat Sto Gar Mat Gar Mat Gar Fac Gar Fac Gar Fac Traps Triggered 28 | . 2 3 . . . 6 5 6 . . . 6 . Indirectly . | . . . . . . . . . . . . . . Trap Hack Attempts . | . . . . . . . . . . . . . . Triggered . | . . . . . . . . . . . . . . Disarmed . | . . . . . . . . . . . . . . Reprogrammed . | . . . . . . . . . . . . . . Reused . | . . . . . . . . . . . . . . Traps Extracted . | . . . . . . . . . . . . . . Installed . | . . . . . . . . . . . . . . Triggered . | . . . . . . . . . . . . . . Machines | -11 -10 -9 -9 -9 -8 -8 -8 -8 -7 -7 -7 -7 -6 ---------- Run | Scr Mat Mat Sto Gar Mat Gar Mat Gar Fac Gar Fac Gar Fac Machines Disabled 11 | . . 2 . . 1 1 2 1 . 1 . 3 . Max in Single Turn 1 | . . 1 . . 1 1 1 1 . 1 . 1 . Garrison Relay 4 | . . . . . . 1 . 1 . 1 . 1 . Machines Sabotaged . | . . . . . . . . . . . . . . Garrisons Compromised . | . . . . . . . . . . . . . . Overloaded Fab Kills . | . . . . . . . . . . . . . . Hacking | -11 -10 -9 -9 -9 -8 -8 -8 -8 -7 -7 -7 -7 -6 --------- Run | Scr Mat Mat Sto Gar Mat Gar Mat Gar Fac Gar Fac Gar Fac Machines Accessed 31 | . 5 5 2 . 2 . 12 . 1 . 1 . 3 Terminals 21 | . 5 3 1 . 1 . 8 . . . . . 3 Fabricators . | . . . . . . . . . . . . . . Repair Stations 4 | . . 2 . . . . 2 . . . . . . Recycling Units . | . . . . . . . . . . . . . . Scanalyzers 1 | . . . . . . . 1 . . . . . . Garrison Access 5 | . . . 1 . 1 . 1 . 1 . 1 . . Total Hacks 80 | . 14 15 7 . 3 . 34 . 1 . 1 . 5 Successful 52 | . 6 12 5 . 1 . 24 . 1 . 1 . 2 Failed 28 | . 8 3 2 . 2 . 10 . . . . . 3 Catastrophic 3 | . 1 . . . . . 2 . . . . . . Database Lockouts . | . . . . . . . . . . . . . . Manual 36 | . 11 3 1 . 2 . 17 . . . . . 2 Terminals 53 | . 14 6 6 . 2 . 20 . . . . . 5 Fabricators . | . . . . . . . . . . . . . . Repair Stations 20 | . . 9 . . . . 11 . . . . . . Recycling Units . | . . . . . . . . . . . . . . Scanalyzers 2 | . . . . . . . 2 . . . . . . Garrison Access 5 | . . . 1 . 1 . 1 . 1 . 1 . . Terminal Hacks 21 | . 4 4 4 . . . 8 . . . . . 1 Part Schematic 2 | . 1 . 1 . . . . . . . . . . Robot Analysis 2 | . 2 . . . . . . . . . . . . Prototype ID Bank 2 | . . . 1 . . . 1 . . . . . . Branch Access Points 1 | . . 1 . . . . . . . . . . . Unreport Threat 6 | . . 2 1 . . . 3 . . . . . . Locate Traps 2 | . . 1 1 . . . . . . . . . . Zone Layout 6 | . 1 . . . . . 4 . . . . . 1 Fabricator Hacks . | . . . . . . . . . . . . . . Repair Station Hacks 18 | . . 8 . . . . 10 . . . . . . Scan Component 9 | . . 4 . . . . 5 . . . . . . Repair 9 | . . 4 . . . . 5 . . . . . . Recycling Unit Hacks . | . . . . . . . . . . . . . . Scanalyzer 2 | . . . . . . . 2 . . . . . . Insert Component 1 | . . . . . . . 1 . . . . . . Analyze 1 | . . . . . . . 1 . . . . . . Garrison Access Hacks 5 | . . . 1 . 1 . 1 . 1 . 1 . . Unlock Access 5 | . . . 1 . 1 . 1 . 1 . 1 . . Unauthorized Hacks 6 | . 2 . . . . . 3 . . . . . 1 Terminals 6 | . 2 . . . . . 3 . . . . . 1 Track 1 | . . . . . . . 1 . . . . . . Botnet 5 | . 2 . . . . . 2 . . . . . 1 Fabricators . | . . . . . . . . . . . . . . Repair Stations . | . . . . . . . . . . . . . . Recycling Units . | . . . . . . . . . . . . . . Scanalyzers . | . . . . . . . . . . . . . . Garrison Access . | . . . . . . . . . . . . . . Data Cores Recovered 2 | . . . . . . . 2 . . . . . . Used 1 | . . . . . . . 1 . . . . . . Hacking Detections 21 | . 4 3 1 . 1 . 9 . . . 1 . 2 Full Trace Events . | . . . . . . . . . . . . . . Feedback Events . | . . . . . . . . . . . . . . Feedback Blocked . | . . . . . . . . . . . . . . Robot Schematics Acquired . | . . . . . . . . . . . . . . Robots Built . | . . . . . . . . . . . . . . Authchips . | . . . . . . . . . . . . . . Time . | . . . . . . . . . . . . . . Total Robot Build Rating . | . . . . . . . . . . . . . . Part Schematics Acquired 3 | . 1 . 1 . . . 1 . . . . . . Parts Built . | . . . . . . . . . . . . . . Authchips . | . . . . . . . . . . . . . . Time . | . . . . . . . . . . . . . . Total Part Build Rating . | . . . . . . . . . . . . . . Parts Repaired 9 | . . 4 . . . . 5 . . . . . . Time 300 | . . 122 . . . . 178 . . . . . . Parts Recycled . | . . . . . . . . . . . . . . Recycled Matter . | . . . . . . . . . . . . . . Retrieved Matter . | . . . . . . . . . . . . . . Retrieved Components . | . . . . . . . . . . . . . . Parts Scanalyzed 1 | . . . . . . . 1 . . . . . . Part Schematics Acquired 1 | . . . . . . . 1 . . . . . . Parts Damaged 1 | . . . . . . . 1 . . . . . . Bothacking | -11 -10 -9 -9 -9 -8 -8 -8 -8 -7 -7 -7 -7 -6 ------------ Run | Scr Mat Mat Sto Gar Mat Gar Mat Gar Fac Gar Fac Gar Fac Used RIF Installer 5 | . . . . 1 . 1 . 1 . 1 . 1 . Command Fork 1 | . . . . . . . . . . . . 1 . Zone Cloak 1 | . . . . . . . . . . 1 . . . Patrol Navigation 1 | . . . . . . 1 . . . . . . . Autooverride 1 | . . . . . . . . 1 . . . . . Robots Hacked 14 | . . . . . . . . 1 1 5 . 4 3 Non-combat 1 | . . . . . . . . . 1 . . . . Combat 13 | . . . . . . . . 1 . 5 . 4 3 Autooverrided 6 | . . . . . . . . 1 . 2 . 3 . Robot Hacks Applied 8 | . . . . . . . . . 1 3 . 1 3 map_route 1 | . . . . . . . . . 1 . . . . overwrite_iff 3 | . . . . . . . . . . 2 . . 1 streamctrl_high 1 | . . . . . . . . . . 1 . . . formatsys_high 3 | . . . . . . . . . . . . 1 2 Relay Couplers Released 15 | . . . . . . 3 . 5 . 4 . 3 . Machine Destruction 15 | . . . . . . 3 . 5 . 4 . 3 . Attached 6 | . . . . . . 1 . . 2 1 1 . 1 Fabnet Peak Effective % . | . . . . . . . . . . . . . . Robots Rewired . | . . . . . . . . . . . . . . Allies Hacked . | . . . . . . . . . . . . . . Hacks Repelled . | . . . . . . . . . . . . . . Allies | -11 -10 -9 -9 -9 -8 -8 -8 -8 -7 -7 -7 -7 -6 -------- Run | Scr Mat Mat Sto Gar Mat Gar Mat Gar Fac Gar Fac Gar Fac Total Allies 13 | . . . . . . . . 1 . 5 . 4 3 Largest Group 2 | . . . . . . . . 1 . 1 . 2 2 Highest-Rated Group 76 | . . . . . . . . 16 . 16 . 32 76 Highest-Rated Ally 47 | . . . . . . . . 16 . 16 . 32 47 Total Orders . | . . . . . . . . . . . . . . Ally Attacks 32 | . . . . . . . . 2 . 8 . 13 9 Total Damage 665 | . . . . . . . . 16 . 105 . 375 169 Kills 8 | . . . . . . . . . . 1 . 6 1 Allies Corrupted . | . . . . . . . . . . . . . . Allies Melted . | . . . . . . . . . . . . . . Intel | -11 -10 -9 -9 -9 -8 -8 -8 -8 -7 -7 -7 -7 -6 ------- Run | Scr Mat Mat Sto Gar Mat Gar Mat Gar Fac Gar Fac Gar Fac Robot Analysis Total 2 | . 2 . . . . . . . . . . . . Derelict Logs Recovered . | . . . . . . . . . . . . . . Drone Launches . | . . . . . . . . . . . . . . Drone Recoveries . | . . . . . . . . . . . . . . Exploration | -11 -10 -9 -9 -9 -8 -8 -8 -8 -7 -7 -7 -7 -6 ------------- Run | Scr Mat Mat Sto Gar Mat Gar Mat Gar Fac Gar Fac Gar Fac Turns Passed 9900 | 88 1531 2383 514 247 300 842 1473 491 250 544 149 747 341 Spaces Moved 5487 | 44 861 1111 221 124 132 419 885 344 209 260 132 502 243 Core 4 | 4 . . . . . . . . . . . . . Treads 2549 | 40 861 1111 221 124 132 60 . . . . . . . Legs 132 | . . . . . . 132 . . . . . . . Wheels 2802 | . . . . . . 227 885 344 209 260 132 502 243 Hover . | . . . . . . . . . . . . . . Flight . | . . . . . . . . . . . . . . Fastest Speed 50 | 50 160 160 170 170 170 105 105 105 105 105 105 105 105 Average Speed 134 | 150 160 165 170 170 170 144 105 105 105 105 105 105 105 Slowest Speed 330 | 160 160 170 170 170 170 330 105 105 105 135 105 135 105 Overloaded Moves . | . . . . . . . . . . . . . . Propulsion Burnouts . | . . . . . . . . . . . . . . Robots Hopped . | . . . . . . . . . . . . . . Cave-ins Triggered . | . . . . . . . . . . . . . . Exploration Rate (%) 41 | 4 90 88 35 36 14 42 81 62 10 43 4 65 7 Regions Visited 13 Branch Regions 1 Pre-discovered Areas . | . . . . . . . . . . . . . . Known Exits Taken 6 | . . 1 1 . 1 . 1 . 1 . 1 . . Unknown Exits Taken 2 | 1 1 . . . . . . . . . . . . Scrap Searched . | . . . . . . . . . . . . . . Spaces Dug 31 | . . 7 11 2 7 . 2 . . 2 . . . Terrain Destroyed 103 | . . 7 11 21 7 8 16 . . 17 . 16 . Melee 2 | . . . . . . . 2 . . . . . . Projectile 1 | . . . . . . . 1 . . . . . . AOE 100 | . . 7 11 21 7 8 13 . . 17 . 16 . Terrain Rammed . | . . . . . . . . . . . . . . Walls Destroyed . | . . . . . . . . . . . . . . Machines Disabled . | . . . . . . . . . . . . . . Actions | -11 -10 -9 -9 -9 -8 -8 -8 -8 -7 -7 -7 -7 -6 --------- Run | Scr Mat Mat Sto Gar Mat Gar Mat Gar Fac Gar Fac Gar Fac Total 7131 | 57 938 1501 299 139 172 561 1300 445 229 406 143 642 299 Wait 560 | . 6 179 15 . 3 8 283 21 . 5 . 29 11 Move 5477 | 43 860 1110 221 122 132 417 885 343 209 259 132 501 243 Hop . | . . . . . . . . . . . . . . Pick Up 105 | 4 8 26 4 . 1 15 17 5 4 15 2 4 . Fast Attach 44 | 7 2 9 . . 3 2 6 2 . 7 2 2 2 Attach 46 | . . 10 2 . . 9 2 3 2 9 2 4 3 Detach 2 | . . . . . . 1 . . . 1 . . . Swap 97 | . 4 19 9 4 2 9 18 2 3 15 1 7 4 Drop 111 | . 8 32 10 . 1 10 18 5 2 17 4 3 1 Fire 420 | 3 41 97 36 13 14 48 69 20 6 38 . 33 2 Melee 81 | . . . . . . 6 2 . 3 40 . 10 20 Ram 11 | . . . . . . . . . . . . . 11 Kick . | . . . . . . . . . . . . . . Crush 46 | . 9 19 2 . 16 . . . . . . . . Escape Stasis 128 | . . . . . . 36 . 44 . . . 48 . Rewire 3 | . . . . . . . . . . . . 1 2 Trap . | . . . . . . . . . . . . . . Miscellaneous . | . . . . . . . . . . . . . . Route ------- -11/Scrapyard -10/Materials (discovered 5 exits: *Mat x3 / [*Min x2]) -9/Materials (discovered 7 exits: *Mat x3 / *Min x2 / *Sto x2) -9/Storage -9/Garrison -8/Materials -8/Garrison -8/Materials (discovered 3 exits: *Fac x2 / Gar) -8/Garrison (discovered 2 exits: *Fac x2) -7/Factory (discovered 2 exits: [*Low] / Gar) -7/Garrison -7/Factory -7/Garrison (discovered 3 exits: *Fac x3) -6/Factory History --------- Turn | Location | Event 7 | -11/Scrapyard | Discovered new exit (range 15) 89 | -11/Scrapyard | Entered Materials 131 | -10/Materials | Discovered new exit (range 11) 316 | -10/Materials | Build established: Mutant 746 | -10/Materials | Discovered new exit (range 14) 804 | -10/Materials | Discovered new exit (range 10) 1052 | -10/Materials | Discovered new exit (range 16) 1540 | -10/Materials | Discovered new exit (range 10) 1620 | -10/Materials | Entered another Materials area 1620 | -9/Materials | Evolved 2 slots: Utility x2 1932 | -9/Materials | Discovered new exit (range 12) 2017 | -9/Materials | Identified exit to Storage 2067 | -9/Materials | Discovered new exit (range 14) 2175 | -9/Materials | Discovered exit to Storage (range 6) 2257 | -9/Materials | Repaired Lgt. Treads 2724 | -9/Materials | Discovered new exit (range 7) 2738 | -9/Materials | Identified exit to Mines 2822 | -9/Materials | Destroyed 8 combat bots 2969 | -9/Materials | Repaired Autogun 3003 | -9/Materials | Repaired Autogun 3036 | -9/Materials | Repaired Imp. Ion Engine 3073 | -9/Materials | Discovered exit to Mines (range 9) 3237 | -9/Materials | Discovered new exit (range 4) 3592 | -9/Materials | Discovered new exit (range 10) 4003 | -9/Materials | Entered Storage 4453 | -9/Storage | Garrison activated, responded to threat 4517 | -9/Storage | Identified exit to Garrison 4517 | -9/Storage | Entered Garrison 4638 | -9/Garrison | Triggered checkpoint 4638 | -9/Garrison | Triggered checkpoint 4643 | -9/Garrison | Core integrity fell below 50% 4645 | -9/Garrison | Triggered checkpoint 4665 | -9/Garrison | Build established: Scavenger-Mutant 4675 | -9/Garrison | Destroyed 10 combat bots 4725 | -9/Garrison | Discovered new exit (range 12) 4756 | -9/Garrison | Installed Relay Interface Framework 4764 | -9/Garrison | Entered Materials 4764 | -8/Materials | Evolved 2 slots: Utility x2 5064 | -8/Materials | Identified exit to Garrison 5064 | -8/Materials | Entered Garrison 5128 | -8/Garrison | Triggered checkpoint 5175 | -8/Garrison | Triggered checkpoint 5221 | -8/Garrison | Lost 4 parts (1p1n2u) 5369 | -8/Garrison | Discovered new exit (range 14) 5407 | -8/Garrison | Expanded RIF knowledge: Patrol Navigation 5448 | -8/Garrison | Triggered checkpoint 5738 | -8/Garrison | Garrison Relay disabled 5906 | -8/Garrison | Entered Materials 6086 | -8/Materials | Repaired Arm. Wheel 6119 | -8/Materials | Repaired Mni. Grenade Launcher 6152 | -8/Materials | Repaired Arm. Wheel 6185 | -8/Materials | Repaired Arm. Wheel 6269 | -8/Materials | Discovered new exit (range 16) 6394 | -8/Materials | Build established: Mutant 6685 | -8/Materials | Discovered new exit (range 16) 6757 | -8/Materials | Repaired Adv. Heat Sink 6986 | -8/Materials | Build established: Scavenger-Mutant 7333 | -8/Materials | Garrison activated, responded to threat 7379 | -8/Materials | Identified exit to Garrison 7379 | -8/Materials | Entered Garrison 7448 | -8/Garrison | Triggered checkpoint 7498 | -8/Garrison | Discovered new exit (range 14) 7591 | -8/Garrison | Triggered checkpoint 7709 | -8/Garrison | Discovered new exit (range 8) 7722 | -8/Garrison | Expanded RIF knowledge: Autooverride 7776 | -8/Garrison | Triggered checkpoint 7805 | -8/Garrison | Garrison Relay disabled 7870 | -8/Garrison | Entered Factory 7870 | -7/Factory | Evolved 2 slots: Utility x2 8013 | -7/Factory | Discovered new exit (range 40) 8086 | -7/Factory | Build established: Bothacker-Mutant 8120 | -7/Factory | Identified exit to Garrison 8120 | -7/Factory | Entered Garrison 8188 | -7/Garrison | Triggered checkpoint 8197 | -7/Garrison | Triggered checkpoint 8231 | -7/Garrison | Destroyed 9 combat bots 8242 | -7/Garrison | System corruption reached 10% 8275 | -7/Garrison | Lost 4 parts (2n2u) 8460 | -7/Garrison | Triggered checkpoint 8540 | -7/Garrison | Lost 3 parts (1p1n1u) 8560 | -7/Garrison | Garrison Relay disabled 8639 | -7/Garrison | Discovered new exit (range 15) 8660 | -7/Garrison | Expanded RIF knowledge: Zone Cloak 8664 | -7/Garrison | Entered Factory 8813 | -7/Factory | Identified exit to Garrison 8813 | -7/Factory | Entered Garrison 8866 | -7/Garrison | Triggered checkpoint 8956 | -7/Garrison | Build established: Botlord-Mutant 9001 | -7/Garrison | Triggered checkpoint 9187 | -7/Garrison | Discovered new exit (range 8) 9245 | -7/Garrison | Triggered checkpoint 9246 | -7/Garrison | Triggered checkpoint 9246 | -7/Garrison | Triggered checkpoint 9319 | -7/Garrison | Discovered new exit (range 10) 9397 | -7/Garrison | Discovered new exit (range 11) 9415 | -7/Garrison | Expanded RIF knowledge: Command Fork 9450 | -7/Garrison | Triggered checkpoint 9481 | -7/Garrison | Core integrity fell below 50% 9513 | -7/Garrison | Garrison Relay disabled 9560 | -7/Garrison | Entered Factory 9560 | -6/Factory | Evolved 2 slots: Utility x2 9761 | -6/Factory | Found Prototype Processor 9761 | -6/Factory | Identified Exp. Targeting Computer 9901 | -6/Factory | Self-destructed Last Messages --------------- 09761_ Identified Exp. Targeting Computer. 09818_ Veteran 5a destroyed. 09844_ Connecting with DSF Access... 09853_ Jacked G-67 Veteran... >>overwrite_iff Rewriting IFF filter. 09865_ Network quickbooting G-67 Veteran, ETC: 10. 09868_ Arm. Wheel destroyed. 09875_ G-67 Veteran reactivates. 09887_ Imp. Light Armor Plating destroyed. 09890_ Slammed into G-67 Veteran. 09895_ Ion Cannon broken. 09895_ Destabilizing: Short circuit. 09896_ Slammed into G-67 Veteran. 09896_ Destabilizing: System interference. 09896_ Exp. Targeting Computer temporarily disabled. 09896_ Core Analyzer temporarily disabled. 09896_ Adv. Heat Sink temporarily disabled. 09897_ Slammed into G-67 Veteran. 09901_ Critical hit (Burn: +37). Map ----- +----------------------------------------------------+ | ??????????????????????????????? | | ???#????###?#####?????????????? | | ???# ??? ? #?????????????? | | ???# ??"" "?"" #?????????????? | | ???# ??"" """" #?????????????? | | ???# """" """" ##+#####+##???? | | ???# """" """" # ??? | | ???# """" """" + ? | | ???# """" """" # "" ? | | ???# """" """" # "" #? | | ???# # """ #? | | ???# # """ #? | | ???# ! + """ #? | | ???# # ###??? | | ???###/#####/##### "" #????? | | ?????#g#???# ????# "" #????? | | ?????# #???# ##### """! #????? | | ?????# #??## """%*#????? | | ?????# #??# """! #????? | | ?????# #??#^ #????? | | ?????#%#??# """ """ #????? | | ?????#%#??# """ """ #????? | | ?????#%##?#^ """ """ #????? | | ?????#%T#?# "" #????? | | ?????#% #?# "" "#????? | | ?????#@##?# "#????? | | ?????#g#??# """ "" "#????? | | ?????# #### """ "" T#????? | | ?????# """ """ "#????? | | ?????# """ "#????? | | ?????# """ "#????? | | ?????### #????? | | ???????# #????? | | ???????# ########## #????? | | ??????# ??????????# #????? | | ??????????????????# #????? | | ??????????????????# #????? | | ??????????????????# #????? | | ??????????????????# #????? | | #"" " + #??#######+### ##??# | | #"T " ## #??# #?# #???# | | #"" " ## #??# """ #?# #???# | | #"" " ## #??#= """ #?# #???# | | # ## #??# """ #?# #???# | | ######## #??# ###+##### | | ???????# #??# """ ## # | | ???????# #??# """ ##""" # | | ???????# #??# """ ##""" # | | ########+#### ##""" # | | # # ! ## + | +----------------------------------------------------+ Best States ------------- Heat Dissipation 72 Energy Generation 16 Energy Capacity 290 Matter Stores 300 Matter Capacity 300 Sight Range 16 Terrain Scan Density 10 Armor Coverage 375 Utility Shielding 66 Evasion (%) 40 Targeting Accuracy 13 Target Analysis 5 Core Analysis 6 Recoil Reduction 2 Relay Coupler Types 4 Relay Coupler Value 108 Item Schematics ----------------- Hcp. Storage Unit | -10/Materials | Hacked Adv. Targeting Computer | -9/Storage | Hacked Arm. Wheel | -8/Materials | Scanalyzed Robot Schematics ------------------ None Fabricated ------------ Nothing Alien Tech Used ----------------- None Achievements -------------- None Challenges ------------ None Game ------ Seed SuperchargedDrainedBlade Manual? 0 Play Time 00:56:38 Cumulative 701.2 hours Start 2022.04.03 @ 16:51:54 End 2022.04.03 @ 17:46:32 Sessions 1 Manual Loads 0 Difficulty Rogue Special Mode None Game No. 1076 Rogue 1076 Adventurer 0 Explorer 0 Win Type - Total 66 Types 41/1/9/11/4/0/0/0/0 Lore% 88 Gallery% 88 Achievement% 83 Wizard Run 0 Options --------- ASCII 1 Keyboard 0 Movement Numpad Keybinds 0 Fullscreen 0 Font 14/SmallcapsGlow Map View 76x50 Tactical HUD 1 Map Filters NONE Filters NONE Steam 1 RUN: a9d8eb23-93d9-4fb7-99f5-31c9abbd6887